 Dungeon Crawl Stone Soup version 0.22.1-1-ga44c0e5 (webtiles) character file.

747973 dvd the Minotaur Barricade (level 27, -5/241 HPs)
             Began as a Minotaur Fighter on Nov 8, 2018.
             Was the Champion of the Shining One.
             Killed from afar by Cerebov (51 damage)
             ... with a great blast of fire
             ... in Pandemonium.
             The game lasted 03:01:53 (50066 turns).

dvd the Minotaur Barricade (Minotaur Fighter)      Turns: 50066, Time: 03:01:54

Health: -5/241     AC: 25    Str: 39    XL:     27
Magic:  4/33       EV: 26    Int: 11    God:    the Shining One [******]
Gold:   5891       SH: 34    Dex: 25    Spells: 22/26 levels left

rFire    + . .     SeeInvis +   O - +9 broad axe (holy)
rCold    + + .     Gourm    .   y - +3 large shield {reflect}
rNeg     + + +     Faith    .   V - +3 chain mail "Gurab" {-Cast rElec rCorr Str+3}
rPois    +         Spirit   .   u - +3 crown of Dyrovepreva {rElec Int+2 SInv}
rElec    +         Reflect  +   h - +0 cloak of Anarchy {Str+4 Slay+3}
rCorr    +         Harm     .   b - +1 pair of gloves "Coaddov" {*Corrode rN+ Str+4 Stlth+}
MR       ++...     NoCast   +   R - +1 pair of boots {run}
Stlth    +.........             q - amulet "Relat" {Acrobat *Drain +Inv rF+ rC++}
HPRegen  0.50/turn              v - ring of Ofuttil {Fire *Contam rN+ Int+5 Slay+6}
MPRegen  0.23/turn              U - ring of Descent {rElec rPois EV+3 Dex+5}

@: mighty, fire vulnerable, hasted, glowing, very quick
A: retaliatory headbutt, horns 2, molten scales 1, thin skeletal structure 1,
blurry vision 1, cold resistance 1, deformed body, dopey 1, frail 1, low mp 1,
screaming 1, weak 1, wild magic 1
}: 7/15 runes: decaying, serpentine, slimy, silver, abyssal, glowing, magical
a: Divine Shield, Cleansing Flame, Summon Divine Warrior, Renounce Religion,
Evoke Invisibility


You were in Pandemonium.
You worshipped the Shining One.
The Shining One was exalted by your worship.
You were not hungry.

You visited 11 branches of the dungeon, and saw 49 of its levels.
You visited Pandemonium 1 time, and saw 15 of its levels.
You visited the Abyss 1 time.
You visited 1 bazaar.
You also visited: Trove, Ice Cave and Wizlab.

You collected 8888 gold pieces.
You spent 2997 gold pieces at shops.

Inventory:

Hand Weapons
 a - the +12 hand axe "Ezihacuti" {flame, rF++ MR+}
   (You found it on level 4 of the Dungeon)

   It has been specially enchanted to burn those struck by it, causing extra
   injury to most foes and up to half again as much damage against particularly
   susceptible opponents.
   Big, fiery blades are also staple armaments of hydra-hunters.
   It greatly protects you from fire.
   It affects your resistance to hostile enchantments.
 O - a +9 broad axe of holy wrath (weapon)
Missiles
 l - 9 javelins (quivered)
 F - 30 tomahawks
Armour
 b - the +1 pair of gloves "Coaddov" (worn) {*Corrode rN+ Str+4 Stlth+}
   (You found it in an ice cave)

   It affects your strength (+4).
   It protects you from negative energy.
   It may corrode you when you take damage.
   It makes you more stealthy.
 h - the +0 cloak of Anarchy (worn) {Str+4 Slay+3}
   (You bought it in a shop in a bazaar)

   It affects your strength (+4).
   It affects your accuracy and damage with ranged weapons and melee attacks
   (+3).
 k - the +0 chain mail "Poahalo" {-Tele Regen+ Int+7 Stlth+}
   (You found it on level 3 of the Depths)

   It affects your intelligence (+7).
   It prevents most forms of teleportation.
   It increases your rate of regeneration.
   It makes you more stealthy.
 u - the +3 crown of Dyrovepreva (worn) {rElec Int+2 SInv}
   (You found it on level 2 of the Depths)

   It affects your intelligence (+2).
   It insulates you from electricity.
   It lets you see invisible.
 y - a +3 large shield of reflection (worn)
 G - the +8 chain mail of the Failed Coup {rC+}
   (You bought it in a shop on level 14 of the Dungeon)

   It protects you from cold.
 R - a +1 pair of boots of running (worn)
 S - a +1 large shield of protection
 T - a +5 shield of fire resistance
 V - the +3 chain mail "Gurab" (worn) {-Cast rElec rCorr Str+3}
   (You found it on level 5 of the Pits of Slime)

   It affects your strength (+3).
   It insulates you from electricity.
   It prevents spellcasting.
   It provides partial protection from all sources of acid and corrosion.
 X - a +3 large shield of cold resistance
 Z - a scarf of cloud immunity
Jewellery
 g - the ring "Bonil" {rC+++ MP+9 Dex+5 Stlth-}
   (You took it off a balrug in Pandemonium)

   [ring of magical power]

   It affects your dexterity (+5).
   It renders you almost immune to cold.
   It affects your magic capacity (+9).
   It makes you less stealthy.
 q - the amulet "Relat" (around neck) {Acrobat *Drain +Inv rF+ rC++}
   (You took it off a deep elf death mage on level 3 of the Elven Halls)

   [amulet of the acrobat]

   It helps you evade while moving and waiting.
   It protects you from fire.
   It greatly protects you from cold.
   It lets you turn invisible.
   It causes draining when unequipped.
 v - the ring of Ofuttil (left hand) {Fire *Contam rN+ Int+5 Slay+6}
   (You found it on level 2 of the Depths)

   [ring of fire]

   It enhances your fire magic.
   It affects your intelligence (+5).
   It affects your accuracy and damage with ranged weapons and melee attacks
   (+6).
   It protects you from fire.
   It makes you vulnerable to cold.
   It protects you from negative energy.
   It causes magical contamination when unequipped.
 z - the ring of the Butterfly {rPois rC+ Dex+2 SInv}
   (You found it on level 2 of the Depths)

   [ring of poison resistance]

   It affects your dexterity (+2).
   It protects you from cold.
   It protects you from poison.
   It lets you see invisible.
 N - the amulet of Creativity {Faith rF++ rN+ Str-3}
   (You took it off a balrug in Pandemonium)

   [amulet of faith]

   It allows you to gain divine favour quickly.
   It affects your strength (-3).
   It greatly protects you from fire.
   It protects you from negative energy.
 Q - the amulet of Vitality {Regen+ HP+15}
   (You bought it in a shop on level 2 of the Orcish Mines)

   [amulet of regeneration]

   It affects your health (+15).
   It increases your rate of regeneration.
 U - the ring of Descent (right hand) {rElec rPois EV+3 Dex+5}
   (You found it on level 5 of the Pits of Slime)

   [ring of evasion]

   It affects your evasion (+3).
   It affects your dexterity (+5).
   It insulates you from electricity.
   It protects you from poison.
Wands
 c - a wand of iceblast (61)
 p - a wand of paralysis (90)
 A - a wand of disintegration (71)
 I - a wand of flame (158)
 K - a wand of scattershot (6)
 M - a wand of acid (38)
 P - a wand of digging (36)
Scrolls
 i - 5 scrolls of fear
 j - 31 scrolls of identify
 n - 19 scrolls of teleportation
 r - a scroll of summoning
 w - 6 scrolls of magic mapping
 D - 7 scrolls of fog
 H - 7 scrolls of blinking
 J - a scroll of enchant weapon
 L - 16 scrolls of remove curse
Potions
 d - 3 potions of might
 e - 13 potions of curing
 m - 5 potions of brilliance
 o - 8 potions of mutation
 s - 6 potions of resistance
 t - 9 potions of heal wounds
 x - a potion of agility
 B - a potion of magic
 C - 4 potions of haste
 E - 8 potions of flight
 Y - 3 potions of cancellation
Comestibles
 f - 106 rations


   Skills:
 + Level 25.9 Fighting
 + Level 26.4 Axes
 + Level 4.5 Throwing
 + Level 17.2 Armour
 + Level 13.9 Dodging
 + Level 3.3 Stealth
 O Level 27 Shields
 * Level 22.0 Invocations
 + Level 1.0 Evocations


You had 22 spell levels left.
You knew the following spells:

 Your Spells              Type           Power        Failure   Level  Hunger
a - Shroud of Golubria    Chrm/Tloc      #.........   83%         2    ###....
b - Blink                 Tloc           N/A          83%         2    ###....

Your spell library contained the following spells:

 Spells                   Type           Power        Failure   Level  Hunger
 Animate Skeleton         Necr           N/A          71%         1    ##.....
 Apportation              Tloc           #.....       71%         1    ##.....
 Beastly Appendage        Tmut           #.....       71%         1    ##.....
 Confusing Touch          Hex            #.....       71%         1    ##.....
 Corona                   Hex            #......      71%         1    ##.....
 Freeze                   Ice            #...         71%         1    ##.....
 Infusion                 Chrm           #...         71%         1    ##.....
 Magic Dart               Conj           #...         71%         1    ##.....
 Pain                     Necr           #...         71%         1    ##.....
 Sandblast                Erth           #.....       71%         1    ##.....
 Shock                    Conj/Air       #...         71%         1    ##.....
 Summon Butterflies       Summ           #.......     71%         1    ##.....
 Summon Small Mammal      Summ           #...         71%         1    ##.....
 Call Imp                 Summ           #.......     83%         2    ###....
 Corpse Rot               Necr           N/A          83%         2    ###....
 Ensorcelled Hibernation  Hex/Ice        #.....       83%         2    ###....
 Passwall                 Tmut/Erth      #.......     83%         2    ###....
 Poisonous Vapours        Pois/Air       #.....       83%         2    ###....
 Slow                     Hex            #.......     83%         2    ###....
 Song of Slaying          Chrm           #.......     83%         2    ###....
 Sticks to Snakes         Tmut           #.......     83%         2    ###....
 Swiftness                Chrm/Air       #.......     83%         2    ###....
 Throw Frost              Conj/Ice       #.....       83%         2    ###....
 Call Canine Familiar     Summ           #.......     96%         3    ####...
 Confuse                  Hex            #.......     96%         3    ####...
 Conjure Flame            Conj/Fire      #.......     96%         3    ####...
 Dazzling Spray           Conj/Hex       #.....       96%         3    ####...
 Gell's Gravitas          Tloc           #.........   96%         3    ####...
 Ignite Poison            Fire/Tmut/Pois #.......     96%         3    ####...
 Inner Flame              Hex/Fire       #.......     96%         3    ####...
 Lesser Beckoning         Tloc           #.........   96%         3    ####...
 Mephitic Cloud           Conj/Pois/Air  #.......     96%         3    ####...
 Ozocubu's Armour         Chrm/Ice       #.......     96%         3    ####...
 Portal Projectile        Hex/Tloc       #.....       96%         3    ####...
 Recall                   Summ/Tloc      N/A          96%         3    ####...
 Regeneration             Chrm/Necr      #.........   96%         3    ####...
 Spectral Weapon          Hex/Chrm       #.......     96%         3    ####...
 Spider Form              Tmut/Pois      #.........   96%         3    ####...
 Static Discharge         Conj/Air       #.......     96%         3    ####...
 Stone Arrow              Conj/Erth      #.....       96%         3    ####...
 Summon Guardian Golem    Hex/Summ       #.......     96%         3    ####...
 Teleport Other           Tloc           #.......     96%         3    ####...
 Tukima's Dance           Hex            #.......     96%         3    ####...
 Vampiric Draining        Necr           #.........   96%         3    ####...
 Airstrike                Air            #.........   100%        4    #####..
 Animate Dead             Necr           N/A          100%        4    #####..
 Cause Fear               Hex            #.........   100%        4    #####..
 Force Lance              Conj/Tloc      #.......     100%        4    #####..
 Ice Form                 Ice/Tmut       #.......     100%        4    #####..
 Leda's Liquefaction      Hex/Erth       #.........   100%        4    #####..
 Passage of Golubria      Tloc           N/A          100%        4    #####..
 Petrify                  Tmut/Erth      #.......     100%        4    #####..
 Summon Ice Beast         Ice/Summ       #.......     100%        4    #####..
 Summon Lightning Spire   Summ/Air       #.......     100%        4    #####..
 Throw Icicle             Conj/Ice       #.......     100%        4    #####..
 Alistair's Intoxication  Tmut/Pois      #.......     100%        5    ######.
 Blade Hands              Tmut           #.........   100%        5    ######.
 Bolt of Magma            Conj/Fire/Erth #.........   100%        5    ######.
 Borgnjor's Vile Clutch   Necr/Erth      #.........   100%        5    ######.
 Excruciating Wounds      Chrm/Necr      #.........   100%        5    ######.
 Fireball                 Conj/Fire      #.........   100%        5    ######.
 Irradiate                Conj/Tmut      #.........   100%        5    ######.
 Iskenderun's Battlesphe  Conj/Chrm      #.......     100%        5    ######.
 Lee's Rapid Deconstruct  Erth           #.........   100%        5    ######.
 Lightning Bolt           Conj/Air       #.........   100%        5    ######.
 Metabolic Englaciation   Hex/Ice        #.........   100%        5    ######.
 Silence                  Hex/Air        #.........   100%        5    ######.
 Summon Forest            Summ/Tloc      #.........   100%        5    ######.
 Venom Bolt               Conj/Pois      #.........   100%        5    ######.
 Yara's Violent Unravell  Hex/Tmut       #.........   100%        5    ######.
 Bolt of Fire             Conj/Fire      #.........   100%        6    #######
 Conjure Ball Lightning   Conj/Air       #.........   100%        6    #######
 Death Channel            Necr           #.........   100%        6    #######
 Deflect Missiles         Chrm/Air       #.........   100%        6    #######
 Dispersal                Tloc           #.........   100%        6    #######
 Freezing Cloud           Conj/Ice/Air   #.........   100%        6    #######
 Hydra Form               Tmut           #.........   100%        6    #######
 Invisibility             Hex            #.......     100%        6    #######
 Iron Shot                Conj/Erth      #.........   100%        6    #######
 Ozocubu's Refrigeration  Ice            #.........   100%        6    #######
 Poison Arrow             Conj/Pois      #.........   100%        6    #######
 Simulacrum               Ice/Necr       #.........   100%        6    #######
 Statue Form              Tmut/Erth      #........    100%        6    #######
 Dragon Form              Tmut           #.........   100%        7    #######
 Haunt                    Necr/Summ      #.........   100%        7    #######
 Malign Gateway           Summ/Tloc      #.........   100%        7    #######
 Orb of Destruction       Conj           #.........   100%        7    #######
 Ring of Flames           Chrm/Fire      #.........   100%        7    #######
 Spellforged Servitor     Conj/Summ      #.........   100%        7    #######
 Summon Hydra             Summ           #.........   100%        7    #######
 Borgnjor's Revivificati  Necr           #.........   100%        8    #######
 Chain Lightning          Conj/Air       #.........   100%        8    #######
 Controlled Blink         Tloc           N/A          100%        8    #######
 Death's Door             Chrm/Necr      #.........   100%        8    #######
 Discord                  Hex            #.........   100%        8    #######
 Ignition                 Fire           #.........   100%        8    #######
 Infestation              Necr           #.........   100%        8    #######
 Lehudib's Crystal Spear  Conj/Erth      #.........   100%        8    #######
 Necromutation            Tmut/Necr      #.........   100%        8    #######
 Fire Storm               Conj/Fire      #.........   100%        9    #######
 Glaciate                 Conj/Ice       #.........   100%        9    #######
 Tornado                  Air            #.........   100%        9    #######


Dungeon Overview and Level Annotations

Branches:
Dungeon (15/15)            Temple (1/1) D:5            Lair (6/6) D:11
  Swamp (4/4) Lair:3        Snake (4/4) Lair:3        Slime (5/5) Lair:6
    Orc (2/2) D:9             Elf (3/3) Orc:2        Vaults (5/5) D:13
  Crypt (0/3) Vaults:2     Depths (3/5) D:15           Hell (1/1)
    Dis (0/7) Hell            Geh (0/7) Hell            Coc (0/7) Hell
    Tar (0/7) Hell

Altars:
Ashenzari
Cheibriados
Dithmenos
Elyvilon
Fedhas
Gozag
Hepliaklqana
Kikubaaqudgha
Makhleb
Nemelex Xobeh
Okawaru
Qazlal
Ru
Sif Muna
Trog
Uskayaw
Vehumet
Wu Jian
Xom
Yredelemnul
Zin
The Shining One
Jiyva

Shops:
D:6 }   D:8 *   D:11 :   D:14 *   Orc:2 =[(%   Elf:2 [   Elf:3 [   Depths:2 ((

Portals:
Hell: Depths:1 Depths:2 Depths:3
Abyss: Depths:2 Depths:3
Pandemonium: Depths:3
Ziggurat: Depths:3

Annotations:
D:10 1 runed door
Pan Cerebov


Innate Abilities, Weirdness & Mutations

You reflexively headbutt those who attack you in melee.
You have a pair of horns on your head.
You are partially covered in molten scales. (AC +2)
You have a somewhat thin skeletal structure. (Dex +2, Stealth)
Scrolls take you a little longer to read.
Your flesh is cold resistant. (rC+)
Armour fits poorly on your strangely shaped body.
You are dopey. (Int -2)
You are frail. (-10% HP)
Your magical capacity is low. (-10% MP)
You occasionally shout uncontrollably at your foes.
You are weak. (Str -2)
Your spells are a little harder to cast, but a little more powerful.


Message History

The fire vortex dissipates!
The golden flame engulfs the fire vortex.
The fire vortex dissipates!
You feel somewhat more hungry.
You are engulfed in blazing flames.
You resist.
* * * LOW HITPOINT WARNING * * *
Unknown command.
Unknown command.
You slice Cerebov!!
Cerebov convulses!!
Cerebov is severely wounded.
You are engulfed in blazing flames.
You resist.
* * * LOW HITPOINT WARNING * * *
Cerebov hits you with a great serpentine sword {flame}.
* * * LOW HITPOINT WARNING * * *
Unknown command.
You feel much better.
You are engulfed in blazing flames.
You resist.
* * * LOW HITPOINT WARNING * * *
Cerebov gestures at you.
A raging storm of fire appears!
The great blast of fire engulfs you! You partially resist.
You die...

.# ####....###.... ##
#.# #.....####.. # #.'
#.....####.. # . #.#
#........... # ..
#.#####........... #
...####...#.......#....#
....'§§§§§........#....#
....'§§§§§5)............
....'§&@§§35..........).
#
...####§§§#.............
# #§#####).......... #
#.# #........... # #.'
#.....##.... ## #.#
#........... .#
#.#####...)....... .#
#..#.(......##.... .#
..##.^.).#####....


You could see Cerebov, a ynoxinul and 2 ufetubi.

Vanquished Creatures
  the Royal Jelly (Slime:5)
  Lom Lobon (Pan)
  Mnoleg (Pan)
  3 ancient liches
  Boris (Vaults:4)
  Geryon (Hell)
  2 caustic shrikes (Depths:2)
  3 pandemonium lords (Pan)
  4 golden dragons (Vaults:5)
  4 Brimstone Fiends (Pan)
  A Tzitzimitl (Pan)
  13 tentacled monstrosities
  Rupert (Lair:4)
  2 Hell Sentinels (Pan)
  8 liches
  3 deep elf blademasters
  2 Ice Fiends (Pan)
  23 acid blobs
  A quicksilver dragon (Depths:3)
  6 titans
  2 deep elf master archers (Elf:3)
  Agnes (Snake:1)
  6 tentacled starspawn
  5 tengu reavers
  2 ancient champions
  Murray (Hell)
  4 sphinxes
  12 Executioners
  Gastronok (Lair:3)
  3 thorn hunters
  8 shadow dragons
  Donald (Elf:1)
  11 fire giants
  A storm dragon (Depths:2)
  13 azure jellies
  A revenant (Abyss:3)
  A daeva (Abyss:2)
  6 nagarajas
  5 frost giants
  An iron dragon (Vaults:5)
  12 deep elf sorcerers
  Louise (Elf:1)
  17 cacodemons
  11 vault wardens
  5 warmongers (Pan)
  An emperor scorpion (D:15)
  11 balrugs
  5 deep elf elementalists
  11 ironheart preservers
  3 spriggan defenders (Depths:3)
  12 very ugly things
  6 blood saints (Pan)
  4 draconian annihilators (Pan)
  2 vampire knights
  2 war gargoyles
  20 stone giants
  5 corrupters (Pan)
  11 reapers
  An entropy weaver (Vaults:3)
  7 black suns (Pan)
  Azrael (Elf:1)
  6 deep elf demonologists
  2 spark wasps (Depths:1)
  11 deep elf annihilators
  5 lorocyprocas (Pan)
  A dire elephant (Lair:6)
  9 ettins
  2 crystal guardians (Vaults:4)
  10 blizzard demons
  9 deep elf death magi
  2 quicksilver dragon zombies
  3 deep elf high priests
  Josephine (Orc:1)
  4 death oozes
  7 fire dragons
  14 green deaths
  12 yaktaur captains
  6 ice dragons
  The ghost of ThisFiasco the Severer, a journeyman MiBe of Trog (D:11)
  16 great orbs of eyes
  20 naga warriors
  37 vault guards
  13 rakshasas
  11 monstrous demonspawn (Pan)
  8 hell beasts
  12 hydras
  10 centaur warriors
  An anaconda (shapeshifter) (Vaults:5)
  2 merfolk aquamancers (Depths:2)
  19 anacondas
  21 ogre magi
  58 two-headed ogres
  3 catoblepae
  5 spriggan air magi
  32 dancing weapons
  5 death knights
  2 alligators
  4 spriggan berserkers
  8 deep troll earth magi
  The ghost of Caim the Covert, a journeyman DECj of Vehumet (D:10)
  4 deep troll shamans
  2 vampire magi (Depths:3)
  4 hell hogs (Hell)
  9 naga sharpshooters
  Urug (Lair:4)
  3 death yaks (Lair:6)
  3 thrashing horrors
  A death yak (shapeshifter) (Vaults:1)
  5 tengu warriors
  29 sun demons
  A shock serpent (shapeshifter) (Vaults:5)
  7 orc high priests
  12 soul eaters
  16 shock serpents
  19 hell knights
  29 deep elf knights
  2 salamander mystics
  A storm dragon zombie (Depths:3)
  6 wretched stars
  5 shadow wraiths
  10 infernal demonspawn (Pan)
  17 sixfirhies
  2 iron trolls
  3 unseen horrors
  6 glowing orange brains
  A spriggan druid (Swamp:2)
  3 flayed ghosts
  A gelid demonspawn (Pan)
  6 wizards
  4 shadow demons (Pan)
  A lindwurm (shapeshifter) (Elf:3)
  24 skeletal warriors
  8 torturous demonspawn (Pan)
  21 deep trolls
  4 phantasmal warriors
  A spark wasp zombie (Depths:3)
  10 swamp dragons
  17 ironbrand convokers
  2 golden dragon skeletons (Depths:3)
  7 naga ritualists
  Pikel (D:5)
  2 shambling mangroves (Swamp:4)
  17 deep elf archers
  5 harpies (Vaults:2)
  2 lindwurms (Swamp:4)
  22 orc knights
  7 shining eyes
  44 ugly things
  A salamander (shapeshifter) (Depths:1)
  A mana viper (shapeshifter) (Vaults:5)
  2 oklob plants (Lair:1)
  10 orc sorcerers
  75 deep elf magi
  4 cyclopes
  12 necromancers
  12 mana vipers
  9 salamanders
  A frost giant zombie (Hell)
  4 manticores
  A shining eye (shapeshifter) (Depths:2)
  A worldbinder (Abyss:2)
  2 elephants (Lair:6)
  2 black mambas (shapeshifter)
  A dire elephant zombie (Hell)
  14 vault sentinels
  29 black mambas
  18 guardian serpents
  7 eyes of devastation
  15 naga magi
  18 orange demons (Pan)
  3 rust devils
  16 smoke demons
  A gargoyle (D:14)
  A guardian serpent (shapeshifter) (Depths:2)
  An iron dragon skeleton (Depths:3)
  3 ice statues
  14 spiny frogs
  4 hellions
  A kobold demonologist (D:15)
  4 rime drakes
  A rime drake (shapeshifter) (Depths:1)
  5 efreet
  43 yaktaurs
  17 hellwings
  2 ice devils (Hell)
  A demonic crawler (Pan)
  6 small abominations
  4 komodo dragons
  2 ancient zymes (Abyss:2)
  4 tormentors
  16 freezing wraiths
  10 polar bears (Lair:6)
  2 tengu conjurers
  5 trolls
  2 merfolk (Depths:2)
  20 red devils
  A queen bee (shapeshifter) (Vaults:2)
  A jumping spider (shapeshifter) (Depths:1)
  A meliai (shapeshifter) (D:13)
  8 meliai
  4 tyrant leeches
  37 large abominations
  4 hydra zombies (Hell)
  2 queen bees
  17 hornets
  A hydra skeleton (Hell)
  18 blink frogs
  A raiju (shapeshifter) (Vaults:3)
  9 hippogriffs
  A hippogriff (shapeshifter) (Depths:3)
  A blink frog (shapeshifter) (Vaults:4)
  118 slime creatures
  14 dream sheep
  17 raiju
  An alligator zombie (Hell)
  4 flying skulls (Abyss:2)
  2 air elementals
  3 redbacks (Vaults:3)
  A shadow (Swamp:4)
  11 water elementals
  2 wyverns (D:11)
  9 vampires
  4 spriggans
  A hog (shapeshifter) (D:15)
  A yak (shapeshifter) (D:15)
  13 wraiths
  10 fire elementals
  13 ynoxinuls
  27 yaks
  A hungry ghost (D:10)
  11 chaos spawn
  13 vampire mosquitoes
  15 neqoxecs (Pan)
  A death yak simulacrum (IceCv)
  12 insubstantial wisps
  6 two-headed ogre zombies (WizLab)
  41 nagas
  2 swamp worms (shapeshifter)
  9 wargs
  2 soldier ants
  7 swamp worms
  A hydra simulacrum (Hell)
  A soldier ant (shapeshifter) (Vaults:5)
  Duvessa (D:5)
  An acid dragon (D:14)
  7 porcupines
  12 water moccasins
  5 floating eyes
  20 hell hounds
  6 swamp drakes
  14 black bears
  7 ice beasts
  2 spiny frog skeletons (Hell)
  A slave (D:5)
  46 orc warriors
  5 sky beasts
  A phantom (D:11)
  20 starcursed masses
  15 wolves (Lair:6)
  44 ogres
  10 boggarts
  12 eyes of draining
  8 centaurs
  8 crocodiles
  2 big kobolds
  A glowing shapeshifter simulacrum (Depths:3)
  14 bullfrogs
  6 earth elementals
  Dowan (D:5)
  5 scorpions
  An elephant simulacrum (IceCv)
  34 killer bees
  7 troll zombies (WizLab)
  22 wights
  2 electric eels
  3 howler monkeys
  6 crimson imps
  2 bullfrog zombies (D:10)
  4 hounds
  4 quasits
  A centaur skeleton (D:8)
  4 draconian simulacra (IceCv)
  3 jellies
  Crazy Yiuf (D:2)
  19 orc priests
  7 iguanas
  2 iron imps
  Jessica (D:2)
  Natasha (twice) (D:2)
  12 worker ants
  29 orc wizards
  5 hell rats (Hell)
  2 polar bear simulacra (IceCv)
  4 spriggan simulacra
  7 troll simulacra (IceCv)
  3 centaur simulacra
  4 ogre zombies (WizLab)
  A hound skeleton (D:8)
  A howler monkey zombie (D:8)
  3 worker ant zombies
  7 gnolls
  A naga simulacrum (IceCv)
  21 adders
  3 ogre simulacra (IceCv)
  4 shadow imps
  16 white imps
  An ooze (D:1)
  3 ufetubi (Depths:3)
  2 adder skeletons
  A worm (D:3)
  3 dart slugs
  9 leopard geckos
  111 orcs
  A ball python (D:6)
  6 giant cockroaches
  8 goblins
  2 hobgoblins (D:2)
  7 jackals
  21 kobolds
  4 quokkas
  10 bats
  2 frilled lizards
  A jackal skeleton (D:8)
  A quokka skeleton (D:4)
  11 rats
  7 briar patches
  6 crawling corpses
  12 fire vortices (Pan)
  12 fungi
  9 plants
  3 starspawn tentacles
2795 creatures vanquished.

Vanquished Creatures (collateral kills)
  An acid blob (Slime:3)
  A warmonger (Pan)
  A balrug (Pan)
  A draconian annihilator (Pan)
  A reaper (Pan)
  A lorocyproca (Pan)
  A blizzard demon (Pan)
  A death ooze (Slime:3)
  A soul eater (Pan)
  A sixfirhy (Pan)
  A shadow demon (Pan)
  An eye of devastation (Slime:3)
  2 smoke demons (Pan)
  A demonic crawler (Pan)
  A hellwing (Pan)
  An ice devil (Pan)
  3 slime creatures (Slime:3)
  A chaos spawn (Pan)
  An eye of draining (Pan)
22 creatures vanquished.

Vanquished Creatures (others)
  2 eldritch tentacles (Pan)
  An Executioner (Pan)
  A warmonger (Pan)
  A stone giant (Vaults:5)
  A wraith (Depths:2)
  2 nagas (Snake:4)
  A boggart (Depths:3)
  An ogre (Vaults:4)
  3 starcursed masses (Abyss:2)
  7 ball lightnings (Pan)
  A quokka (D:7)
  4 briar patches (Swamp:4)
  3 fungi
  A lurking horror (Abyss:3)
  17 plants
  9 starspawn tentacles
55 creatures vanquished.

Grand Total: 2872 creatures vanquished

Notes
Turn   | Place    | Note
-------+----------+-------------------------------------------
     0 | D:1      | dvd the Minotaur Fighter began the quest for the Orb.
     0 | D:1      | Reached XP level 1. HP: 19/19 MP: 0/0
   248 | D:1      | Reached XP level 2. HP: 27/27 MP: 1/1
   289 | D:1      | Reached skill level 4 in Shields
   482 | D:1      | Reached XP level 3. HP: 32/33 MP: 2/2
   690 | D:2      | Noticed Natasha
   698 | D:2      | Killed Natasha
   737 | D:2      | Reached XP level 4. HP: 38/41 MP: 3/3
   742 | D:2      | Found a radiant altar of Vehumet.
   743 | D:2      | Found an ornate altar of the Wu Jian Council.
   745 | D:2      | Found a shattered altar of Ashenzari.
   871 | D:2      | Found a sacrificial altar of Ru.
   871 | D:2      | Found a shimmering altar of Xom.
  1040 | D:2      | Found a runed door.
  1044 | D:2      | Noticed Crazy Yiuf
  1050 | D:2      | Killed Crazy Yiuf
  1375 | D:2      | Noticed Jessica
  1383 | D:2      | Killed Jessica
  1383 | D:2      | Reached XP level 5. HP: 37/47 MP: 4/4
  1464 | D:2      | Found a basalt altar of Yredelemnul.
  1777 | D:2      | Noticed Natasha
  1781 | D:2      | Killed Natasha
  1781 | D:2      | Reached skill level 5 in Shields
  2289 | D:3      | Found a sparkling altar of Nemelex Xobeh.
  2532 | D:3      | Reached skill level 1 in Dodging
  3052 | D:4      | Reached XP level 6. HP: 47/53 MP: 5/5
  3059 | D:4      | Got a faintly glowing hand axe
  3060 | D:4      | Identified the +12 hand axe "Ezihacuti" {flame, rF++ MR+}
                  | (You found it on level 4 of the Dungeon)
  3061 | D:4      | Reached skill level 5 in Armour
  3065 | D:4      | Reached skill level 5 in Axes
  3204 | D:4      | Found a glowing golden altar of the Shining One.
  3218 | D:4      | Became a worshipper of the Shining One
  3423 | D:5      | Entered Level 5 of the Dungeon
  3456 | D:5      | Reached skill level 5 in Fighting
  3456 | D:5      | Reached XP level 7. HP: 54/61 MP: 6/6
  3711 | D:5      | Noticed Duvessa
  3713 | D:5      | Noticed Dowan
  3714 | D:5      | Killed Duvessa
  3714 | D:5      | Reached skill level 6 in Shields
  3718 | D:5      | Killed Dowan
  3740 | D:5      | Found a staircase to the Ecumenical Temple.
  3744 | Temple   | Entered the Ecumenical Temple
  4188 | D:5      | Reached XP level 8. HP: 68/69 MP: 7/7
  4436 | D:5      | Noticed Pikel
  4445 | D:5      | Killed Pikel
  4445 | D:5      | Reached skill level 7 in Shields
  4688 | D:6      | Found a white marble altar of Elyvilon.
  4772 | D:6      | Reached * piety under the Shining One
  4790 | D:6      | Found an opulent altar of Gozag.
  4860 | D:6      | Found Dustuc's Gadget Shoppe.
  4916 | D:6      | Reached XP level 9. HP: 75/75 MP: 8/8
  5010 | D:6      | Found a shadowy altar of Dithmenos.
  5444 | D:7      | Noticed a cyclops
  5455 | D:7      | Killed a cyclops
  5455 | D:7      | Reached skill level 10 in Axes
  5852 | D:7      | Reached skill level 8 in Shields
  5938 | D:7      | Found a white marble altar of Elyvilon.
  6254 | D:8      | Reached ** piety under the Shining One
  6370 | D:8      | Found Pel Meipt's General Store.
  6816 | D:9      | Reached XP level 10. HP: 88/88 MP: 9/9
  7075 | D:9      | Found a staircase to the Orcish Mines.
  7158 | D:10     | Entered Level 10 of the Dungeon
  7181 | D:10     | Noticed a two-headed ogre
  7187 | D:10     | Killed a two-headed ogre
  7215 | D:10     | Reached *** piety under the Shining One
  7234 | D:10     | Reached skill level 9 in Shields
  7277 | D:10     | Found a runed door.
  7284 | D:10     | Found a runed door.
  7286 | D:10     | Noticed a fire giant
  7286 | D:10     | Noticed a lich
  7286 | D:10     | Noticed a deep troll
  7286 | D:10     | Noticed a skeletal warrior
  7286 | D:10     | Noticed a necromancer
  7287 | D:10     | Noticed Caim's ghost (journeyman DECj)
  7289 | D:10     | Noticed a skeletal warrior
  7315 | D:10     | Killed a lich
  7315 | D:10     | Reached skill level 1 in Stealth
  7653 | D:10     | Reached XP level 11. HP: 97/97 MP: 10/10
  7805 | D:10     | Found the +4 skin of Zhor {rC+++}
  7849 | D:10     | Killed a skeletal warrior
  7851 | D:10     | Killed a skeletal warrior
  7851 | D:10     | Reached skill level 10 in Shields
  7884 | D:10     | Killed a necromancer
  8018 | D:10     | Noticed a two-headed ogre
  8026 | D:10     | Killed a two-headed ogre
  8117 | D:10     | Killed Caim's ghost
  8188 | D:10     | Killed a fire giant
  8188 | D:10     | Reached skill level 10 in Fighting
  8188 | D:10     | Reached skill level 10 in Armour
  8426 | D:10     | Killed a deep troll
  8522 | D:11     | Reached **** piety under the Shining One
  8626 | D:11     | Found a portal to a secret trove of treasure.
  8649 | D:11     | Found a large runed door.
  8649 | D:11     | Found a large runed door.
  8840 | D:11     | Found a staircase to the Lair.
  9006 | D:11     | Reached skill level 11 in Shields
  9105 | D:11     | Noticed an unseen horror
  9115 | D:11     | Killed an unseen horror
  9115 | D:11     | Reached XP level 12. HP: 108/108 MP: 11/11
  9134 | D:11     | Found Puvvuczam's Book Shop.
  9212 | D:11     | Noticed ThisFiasco's ghost (journeyman MiBe)
  9231 | D:11     | Killed ThisFiasco's ghost
  9320 | Lair:1   | Entered Level 1 of the Lair of Beasts
  9397 | Lair:1   | Reached skill level 1 in Invocations
  9418 | Lair:1   | Reached skill level 15 in Axes
  9544 | Lair:1   | Found a frozen archway.
  9566 | IceCv    | Entered an ice cave
  9573 | IceCv    | Reached ***** piety under the Shining One
  9792 | IceCv    | Reached skill level 5 in Dodging
  9834 | IceCv    | Found an ancient bone altar of Kikubaaqudgha.
  9840 | IceCv    | Reached skill level 12 in Shields
  9959 | IceCv    | Reached ****** piety under the Shining One
  9998 | IceCv    | Got a pair of spiked gloves
 10009 | IceCv    | Identified the +1 pair of gloves "Coaddov" {*Corrode rN+
                  | Str+4 Stlth+} (You found it in an ice cave)
 10599 | Lair:1   | Identified a +3 broad axe of holy wrath (a +1 broad axe of
                  | draining blessed by the Shining One)
 10599 | Lair:1   | Received a gift from the Shining One
 10789 | Lair:2   | Reached XP level 13. HP: 118/118 MP: 13/13
 11560 | Lair:3   | Noticed Gastronok
 11571 | Lair:3   | Killed Gastronok
 11675 | Lair:3   | Found a staircase to the Snake Pit.
 11679 | Lair:3   | Found a shadowy altar of Dithmenos.
 11796 | Lair:3   | Found a staircase to the Swamp.
 12034 | Lair:3   | Gained mutation: You are surrounded by a mild repulsion
                  | field. (EV +2) [potion of mutation]
 12034 | Lair:3   | Gained mutation: You are partially covered in molten
                  | scales. (AC +2) [potion of mutation]
 12034 | Lair:3   | Gained mutation: Your flesh is cold resistant. (rC+)
                  | [potion of mutation]
 12034 | Lair:3   | Gained mutation: Your flesh is very cold resistant. (rC++)
                  | [potion of mutation]
 12229 | Lair:4   | Reached skill level 13 in Shields
 12460 | Lair:4   | Noticed Urug
 12473 | Lair:4   | Killed Urug
 12524 | Lair:4   | Noticed Rupert
 12535 | Lair:4   | Killed Rupert
 13855 | Lair:6   | Entered Level 6 of the Lair of Beasts
 13905 | Lair:6   | Reached skill level 1 in Throwing
 14105 | Lair:6   | Found a staircase to the Slime Pits.
 14105 | Lair:6   | Found a viscous altar of Jiyva.
 14117 | Lair:6   | Reached skill level 14 in Shields
 14279 | Lair:6   | Reached XP level 14. HP: 117/129 MP: 14/14
 14353 | Lair:6   | Got a shimmering ring mail
 14364 | Lair:6   | Identified the +2 ring mail of Fimp {rCorr} (You found it
                  | on level 6 of the Lair of Beasts)
 14499 | Lair:6   | Identified the +2 robe of Crawling {*Contam rC+ rCorr
                  | Int+5} (You found it on level 6 of the Lair of Beasts)
 14799 | Lair:6   | Reached skill level 15 in Shields
 15478 | Orc:1    | Entered Level 1 of the Orcish Mines
 15526 | Orc:1    | Noticed Josephine
 15534 | Orc:1    | Killed Josephine
 15898 | Orc:1    | Learned a level 2 spell: Shroud of Golubria
 15998 | Orc:2    | Entered Level 2 of the Orcish Mines
 15999 | Orc:2    | Found a staircase to the Elven Halls.
 16551 | Orc:2    | Reached skill level 16 in Shields
 16556 | Orc:2    | Found Wearuav's Food Shoppe.
 16556 | Orc:2    | Found Coniu's Jewellery Shop.
 16565 | Orc:2    | Reached XP level 15. HP: 137/139 MP: 15/15
 16588 | Orc:2    | Found Gyok's Antique Weapon Shoppe.
 16588 | Orc:2    | Found Nippos's Armour Shop.
 16600 | Orc:2    | Bought the amulet of Vitality {Regen+ HP+15} for 1106 gold
                  | pieces
 16600 | Orc:2    | Found the amulet of Vitality {Regen+ HP+15}
 16607 | Orc:2    | Bought a +0 chain mail of poison resistance for 85 gold
                  | pieces
 17074 | Snake:1  | Entered Level 1 of the Snake Pit
 17092 | Snake:1  | Found a snail-covered altar of Cheibriados.
 17679 | Snake:1  | Noticed Agnes
 17713 | Snake:1  | Killed Agnes
 18058 | Snake:1  | Reached skill level 15 in Fighting
 18433 | Snake:2  | Reached skill level 17 in Shields
 20008 | Snake:3  | Noticed a nagaraja
 20017 | Snake:3  | Killed a nagaraja
 20017 | Snake:3  | Reached XP level 16. HP: 149/149 MP: 18/18
 20180 | Snake:3  | Reached skill level 5 in Invocations
 20618 | Snake:4  | Entered Level 4 of the Snake Pit
 21009 | Snake:4  | Reached skill level 18 in Shields
 21682 | Snake:4  | Identified a scroll of acquirement
 22451 | Snake:4  | Reached skill level 19 in Shields
 22541 | Snake:4  | Reached XP level 17. HP: 78/158 MP: 21/21
 22746 | Snake:4  | Got a serpentine rune of Zot
 22949 | Swamp:1  | Entered Level 1 of the Swamp
 23479 | Swamp:4  | Entered Level 4 of the Swamp
 23704 | Swamp:4  | Paralysed by a hornet for 1 turns
 24003 | Swamp:4  | Got a decaying rune of Zot
 24217 | Slime:1  | Entered Level 1 of the Pits of Slime
 24246 | Slime:2  | Reached skill level 20 in Shields
 24263 | Slime:2  | Noticed an acid blob
 24275 | Slime:2  | Killed an acid blob
 24275 | Slime:2  | Reached skill level 10 in Dodging
 24368 | Slime:3  | Gained mutation: You tend to lose your temper in combat. [a
                  | shining eye]
 24370 | Slime:3  | Gained mutation: Your magical capacity is low. (-10% MP) [a
                  | shining eye]
 24371 | Slime:3  | Gained mutation: You are occasionally teleported next to
                  | monsters. [a shining eye]
 24373 | Slime:3  | Gained mutation: Your magical capacity is very low. (-20%
                  | MP) [a shining eye]
 24375 | Slime:3  | Gained mutation: You are frail. (-10% HP) [a shining eye]
 24396 | Slime:3  | Noticed an acid blob
 24399 | Slime:3  | Noticed an acid blob
 24403 | Slime:3  | Killed an acid blob
 24413 | Slime:3  | Killed an acid blob
 24422 | Slime:3  | Lost mutation: Your magical capacity is very low. (-20% MP)
                  | [potion of mutation]
 24422 | Slime:3  | Lost mutation: Your magical capacity is low. (-10% MP)
                  | [potion of mutation]
 24422 | Slime:3  | Lost mutation: You are frail. (-10% HP) [potion of
                  | mutation]
 24422 | Slime:3  | Gained mutation: Armour fits poorly on your strangely
                  | shaped body. [potion of mutation]
 24422 | Slime:3  | Lost mutation: Armour fits poorly on your strangely shaped
                  | body. [potion of mutation]
 24422 | Slime:3  | Gained mutation: Armour fits poorly on your strangely
                  | shaped body. [potion of mutation]
 24422 | Slime:3  | Gained mutation: Your spells are a little harder to cast,
                  | but a little more powerful. [potion of mutation]
 24822 | Slime:4  | Noticed an acid blob
 24830 | Slime:4  | Killed an acid blob
 24875 | Slime:3  | Noticed an acid blob
 24882 | Slime:3  | Killed an acid blob
 24887 | Slime:2  | Noticed an acid blob
 24887 | Slime:2  | Noticed an acid blob
 24917 | Slime:2  | Reached XP level 18. HP: 153/168 MP: 16/23
 25057 | Slime:2  | Gained mutation: Your magical capacity is low. (-10% MP) [a
                  | shining eye]
 25060 | Slime:2  | Gained mutation: Scrolls take you a little longer to read.
                  | [a shining eye]
 25062 | Slime:2  | Gained mutation: You are weak. (Str -2) [a shining eye]
 25068 | Slime:3  | Lost mutation: You are occasionally teleported next to
                  | monsters. [potion of mutation]
 25068 | Slime:3  | Lost mutation: Scrolls take you a little longer to read.
                  | [potion of mutation]
 25068 | Slime:3  | Lost mutation: Armour fits poorly on your strangely shaped
                  | body. [potion of mutation]
 25068 | Slime:3  | Lost mutation: You are surrounded by a mild repulsion
                  | field. (EV +2) [potion of mutation]
 25068 | Slime:3  | Lost mutation: You are weak. (Str -2) [potion of mutation]
 25068 | Slime:3  | Gained mutation: Your spells are harder to cast, but more
                  | powerful. [potion of mutation]
 25121 | Slime:4  | Gained mutation: You are clumsy. (Dex -2) [a shining eye]
 25123 | Slime:4  | Gained mutation: You are weak. (Str -2) [a shining eye]
 25151 | Slime:5  | Entered Level 5 of the Pits of Slime
 25374 | Slime:5  | Noticed the Royal Jelly
 25387 | Slime:5  | Killed the Royal Jelly
 25387 | Slime:5  | Reached skill level 1 in Evocations
 25943 | Slime:5  | Reached skill level 10 in Invocations
 26426 | Slime:5  | Found the +10 zealot's sword {holy, *Rage rN+ EV+3}
 26446 | Slime:5  | Got a bound steel ring
 26454 | Slime:5  | Got a slimy rune of Zot
 26471 | Slime:5  | Identified the Incunabulum of Doomed Dislocation
 26506 | Slime:5  | Identified the ring of Descent {rElec rPois EV+3 Dex+5}
                  | (You found it on level 5 of the Pits of Slime)
 26535 | Slime:5  | Lost mutation: You are clumsy. (Dex -2) [potion of
                  | mutation]
 26535 | Slime:5  | Lost mutation: You tend to lose your temper in combat.
                  | [potion of mutation]
 26535 | Slime:5  | Lost mutation: You are weak. (Str -2) [potion of mutation]
 26535 | Slime:5  | Gained mutation: You have a somewhat thin skeletal
                  | structure. (Dex +2, Stealth) [potion of mutation]
 26552 | Slime:5  | Identified the Guide on Fiery Moulding
 26564 | Slime:5  | Got a bloodstained chain mail
 26575 | Slime:5  | Identified the +3 chain mail "Gurab" {-Cast rElec rCorr
                  | Str+3} (You found it on level 5 of the Pits of Slime)
 26694 | Slime:5  | Gained mutation: Armour fits poorly on your strangely
                  | shaped body. [a shining eye]
 27035 | D:11     | You showed the slimy rune of Zot to enter a treasure trove
 27036 | Trove    | Entered a treasure trove
 27106 | Trove    | Got a pair of ancient gloves
 27117 | Trove    | Identified the +0 pair of gloves of the Guild-Master {rN+
                  | Stlth+} (You found it in a treasure trove)
 27128 | Trove    | Got a slimy plate armour
 27139 | Trove    | Identified the +7 plate armour "Caniahipp" {rElec rF-
                  | Str+4} (You found it in a treasure trove)
 27182 | Trove    | Identified the +2 robe of the Sturgeon {rPois rC- Int+3}
                  | (You found it in a treasure trove)
 27332 | Elf:1    | Entered Level 1 of the Elven Halls
 27361 | Elf:1    | Reached skill level 21 in Shields
 27366 | Elf:1    | Noticed Azrael
 27378 | Elf:1    | Killed Azrael
 27631 | Elf:1    | Noticed Donald
 27643 | Elf:1    | Killed Donald
 27673 | Elf:1    | Reached XP level 19. HP: 178/178 MP: 23/23
 27874 | Elf:1    | Noticed Louise
 27910 | Elf:1    | Killed Louise
 28310 | Elf:2    | Found a runed gate.
 28310 | Elf:2    | Found a runed gate.
 28311 | Elf:2    | Found a runed gate.
 28616 | Elf:2    | Found Balosur's Antique Armour Shop.
 29521 | Elf:3    | Entered Level 3 of the Elven Halls
 29665 | Elf:3    | Reached skill level 22 in Shields
 29937 | Elf:3    | Got a flickering lead ring
 30078 | Elf:3    | Noticed a Brimstone Fiend
 30096 | Elf:3    | Reached XP level 20. HP: 189/189 MP: 19/25
 30179 | Elf:3    | Identified the ring "Vyatuf" {rElec Stlth-} (You took it
                  | off a deep elf mage on level 3 of the Elven Halls)
 30261 | Elf:3    | Identified the cursed +1 robe "Ocreawal" {rElec Regen+
                  | rCorr Str-5} (You took it off a deep elf master archer on
                  | level 3 of the Elven Halls)
 30361 | Elf:3    | Identified the Papyrus of Companions
 30382 | Elf:3    | Identified the amulet "Relat" {Acrobat *Drain +Inv rF+
                  | rC++} (You took it off a deep elf death mage on level 3 of
                  | the Elven Halls)
 30410 | Elf:3    | Found the ring of Shadows {Umbra +Inv Stlth+}
 30541 | Elf:3    | Found Cynovuna's Antique Armour Shop.
 30551 | Elf:3    | Bought a pair of smoking gloves for 152 gold pieces
 30561 | Elf:3    | Identified the cursed -1 pair of gloves "Xoab Musmo"
                  | {Dex+2} (You bought it in a shop on level 3 of the Elven
                  | Halls)
 31352 | D:13     | Found a gate to the Vaults.
 31480 | Vaults:1 | Entered Level 1 of the Vaults
 31993 | Vaults:1 | Reached skill level 23 in Shields
 32727 | Vaults:2 | Reached XP level 21. HP: 198/198 MP: 26/26
 32925 | Vaults:2 | Found a flickering gateway to a bazaar.
 32937 | Bazaar   | Entered a bazaar
 32939 | Bazaar   | Found Axokhlobo's Food Shoppe.
 32943 | Bazaar   | Found Ehocosch's Armour Boutique.
 32973 | Bazaar   | Found Meroog's Antique Armour Shop.
 32977 | Bazaar   | Found Qisiti's Weapon Shoppe.
 32981 | Bazaar   | Bought a dazzling cloak for 304 gold pieces
 32991 | Bazaar   | Identified the cursed +0 cloak of Anarchy {Str+4 Slay+3}
                  | (You bought it in a shop in a bazaar)
 32996 | Bazaar   | Found Getal's Food Emporium.
 33005 | Bazaar   | Bought a ration for 30 gold pieces
 33005 | Bazaar   | Bought a ration for 30 gold pieces
 33005 | Bazaar   | Bought a ration for 30 gold pieces
 33005 | Bazaar   | Bought a ration for 30 gold pieces
 33005 | Bazaar   | Bought a ration for 30 gold pieces
 33005 | Bazaar   | Bought a ration for 30 gold pieces
 33005 | Bazaar   | Bought a ration for 30 gold pieces
 33005 | Bazaar   | Bought a ration for 30 gold pieces
 33005 | Bazaar   | Bought a ration for 30 gold pieces
 33005 | Bazaar   | Bought a ration for 30 gold pieces
 33005 | Bazaar   | Bought a ration for 30 gold pieces
 33005 | Bazaar   | Bought a ration for 30 gold pieces
 33036 | Bazaar   | Bought a ration for 55 gold pieces
 33036 | Bazaar   | Bought a ration for 55 gold pieces
 33036 | Bazaar   | Bought a ration for 55 gold pieces
 33036 | Bazaar   | Bought a ration for 55 gold pieces
 33036 | Bazaar   | Bought a ration for 55 gold pieces
 33036 | Bazaar   | Bought a ration for 55 gold pieces
 33036 | Bazaar   | Bought a ration for 55 gold pieces
 33036 | Bazaar   | Bought a ration for 55 gold pieces
 33036 | Bazaar   | Bought a ration for 55 gold pieces
 33036 | Bazaar   | Bought a ration for 55 gold pieces
 33036 | Bazaar   | Bought a ration for 55 gold pieces
 33036 | Bazaar   | Bought a ration for 55 gold pieces
 33036 | Bazaar   | Bought a ration for 55 gold pieces
 33614 | Vaults:2 | Found a staircase to the Crypt.
 34080 | Vaults:2 | Got a scorched pewter amulet
 34081 | Vaults:2 | Identified the amulet of Xummifri {RegenMP rPois rF+ MP+9}
                  | (You acquired it on level 2 of the Vaults)
 34436 | Vaults:3 | Reached skill level 24 in Shields
 35538 | Vaults:4 | Reached XP level 22. HP: 196/209 MP: 28/28
 35839 | Vaults:4 | Noticed Boris
 35850 | Vaults:4 | Killed Boris
 36833 | Vaults:5 | Entered Level 5 of the Vaults
 36846 | Vaults:5 | Noticed an ancient lich
 36850 | Vaults:5 | Reached skill level 15 in Invocations
 37024 | Vaults:5 | Reached skill level 25 in Shields
 37033 | Vaults:5 | Killed an ancient lich
 37099 | Vaults:5 | Reached XP level 23. HP: 173/218 MP: 30/30
 37182 | Vaults:5 | Noticed an ancient lich
 37205 | Vaults:5 | Killed an ancient lich
 37715 | Vaults:5 | Got a silver rune of Zot
 37719 | Vaults:5 | Identified Sif Muna's Disquisition on Warped Enhancements
 37745 | Vaults:5 | Reached skill level 15 in Armour
 38332 | Vaults:5 | Learned a level 2 spell: Blink
 38343 | Vaults:5 | Identified the Incunabulum of Cold and Flames
 38399 | Vaults:5 | Identified the +10 great sword of the Wasp {drain, Int+3
                  | SInv} (You found it on level 5 of the Vaults)
 38882 | D:14     | Found Jemmor Azizu's Assorted Antiques.
 38892 | D:14     | Bought a dazzling chain mail for 275 gold pieces
 38892 | D:14     | Identified the +8 chain mail of the Failed Coup {rC+} (You
                  | bought it in a shop on level 14 of the Dungeon)
 39054 | D:14     | Found the +7 sceptre of Torment
 39247 | D:15     | Entered Level 15 of the Dungeon
 39324 | D:15     | Found a staircase to the Depths.
 39908 | Depths:1 | Entered Level 1 of the Depths
 39992 | Depths:1 | Reached skill level 26 in Shields
 40689 | Depths:1 | Found the +8 storm bow {elec}
 40718 | Depths:1 | Found a gateway to Hell.
 40726 | Hell     | Entered the Vestibule of Hell
 40726 | Hell     | Noticed Geryon
 40763 | Hell     | Reached XP level 24. HP: 209/229 MP: 30/30
 40768 | Hell     | Noticed Murray
 40776 | Hell     | Killed Geryon
 40786 | Hell     | Killed Murray
 40956 | Hell     | Found a gateway to the ashen valley of Gehenna.
 41040 | Hell     | Found a gateway to the decaying netherworld of Tartarus.
 41157 | Hell     | Found a gateway to the Iron City of Dis.
 41210 | Hell     | Found a gateway to the freezing wastes of Cocytus.
 41836 | Depths:2 | Paralysed by a floating eye for 3 turns
 41884 | Depths:2 | Found the +3 crown of Dyrovepreva {rElec Int+2 SInv}
 42006 | Depths:2 | Identified the Handbook of the Quantum Snowflakes
 42093 | Depths:2 | Got a pitted copper ring
 42094 | Depths:2 | Identified the ring of Ofuttil {Fire *Contam rN+ Int+5
                  | Slay+6} (You found it on level 2 of the Depths)
 42163 | Depths:2 | Found Ketemek's Antique Weapon Shop.
 42309 | Depths:2 | Identified the ring "Hohis" {rN++ Dex+4} (You found it on
                  | level 2 of the Depths)
 42424 | Depths:2 | Found a one-way gate to the infinite horrors of the Abyss.
 42538 | Depths:2 | Got a flickering marble ring
 42539 | Depths:2 | Identified the ring of the Butterfly {rPois rC+ Dex+2 SInv}
                  | (You found it on level 2 of the Depths)
 42568 | Depths:2 | Found Omoz Biump's Weapon Shoppe.
 42762 | Depths:2 | Voluntarily entered the Abyss.
 42817 | Abyss:1  | Reached skill level 27 in Shields
 43209 | Abyss:2  | Reached XP level 25. HP: 240/240 MP: 31/31
 43243 | Abyss:2  | Found a corrupted altar of Lugonu.
 43670 | Abyss:3  | Paralysed by accursed screaming for 2 turns
 43677 | Abyss:3  | Paralysed by accursed screaming for 1 turns
 43780 | Abyss:4  | Got an abyssal rune of Zot
 43842 | Depths:2 | Escaped the Abyss
 43863 | Depths:3 | Found a gateway to a ziggurat.
 44144 | Depths:3 | Found a magical portal.
 44185 | WizLab   | Entered Zonguldrok's Shrine
 44435 | WizLab   | Noticed an antique lich
 44442 | WizLab   | Killed an antique lich
 44472 | WizLab   | Found the +9 sword of Zonguldrok {reap}
 44713 | Depths:3 | Identified the +0 chain mail "Poahalo" {-Tele Regen+ Int+7
                  | Stlth+} (You found it on level 3 of the Depths)
 45012 | Depths:3 | Identified Utiveet's Incunabulum of the Compass
 45163 | Depths:3 | Found a one-way gate leading to the halls of Pandemonium.
 45301 | Pan      | Entered Pandemonium
 45309 | Pan      | Noticed Abroim the pandemonium lord
 45315 | Pan      | Reached XP level 26. HP: 66/254 MP: 31/31
 45317 | Pan      | Killed Abroim the pandemonium lord
 45317 | Pan      | HP: 9/269 [Brimstone Fiend/damnation (51)]
 45318 | Pan      | HP: 1/269 [Brimstone Fiend/damnation (23)]
 46218 | Pan      | Gained mutation: You are dopey. (Int -2) [a neqoxec]
 46371 | Pan      | Noticed Ufuxim the pandemonium lord
 46385 | Pan      | Killed Ufuxim the pandemonium lord
 46411 | Pan      | Entered the realm of Mnoleg.
 46484 | Pan      | Gained mutation: You occasionally shout uncontrollably at
                  | your foes. [a neqoxec]
 46495 | Pan      | Lost mutation: Your spells are harder to cast, but more
                  | powerful. [a shining eye]
 46498 | Pan      | Gained mutation: You tend to lose your temper in combat. [a
                  | cacodemon]
 46524 | Pan      | Noticed Mnoleg
 46531 | Pan      | Paralysed by a floating eye for 3 turns
 46536 | Pan      | Gained mutation: You are frail. (-10% HP) [a cacodemon]
 46596 | Pan      | Lost mutation: Your flesh is very cold resistant. (rC++)
                  | [potion of mutation]
 46596 | Pan      | Lost mutation: You are dopey. (Int -2) [potion of mutation]
 46596 | Pan      | Lost mutation: You are frail. (-10% HP) [potion of
                  | mutation]
 46596 | Pan      | Lost mutation: You occasionally shout uncontrollably at
                  | your foes. [potion of mutation]
 46596 | Pan      | Lost mutation: Your magical capacity is low. (-10% MP)
                  | [potion of mutation]
 46738 | Pan      | Lost mutation: You tend to lose your temper in combat. [a
                  | neqoxec]
 46742 | Pan      | Gained mutation: You occasionally shout uncontrollably at
                  | your foes. [a cacodemon]
 46896 | Pan      | Gained mutation: Scrolls take you a little longer to read.
                  | [a cacodemon]
 46992 | Pan      | Killed Mnoleg
 47047 | Pan      | Got a glowing rune of Zot
 47429 | Pan      | Gained mutation: You are dopey. (Int -2) [a neqoxec]
 47557 | Pan      | Gained mutation: You are weak. (Str -2) [a cacodemon]
 47563 | Pan      | Reached XP level 27. HP: 264/264 MP: 36/36
 48184 | Pan      | Identified the +2 quarterstaff of Desperation {crush, MR+
                  | Str+2 Stlth+} (You found it in Pandemonium)
 48199 | Pan      | Identified a +1 pair of boots of running (You found it in
                  | Pandemonium)
 48326 | Pan      | Found a huge runed gate.
 48349 | Pan      | Entered the realm of Lom Lobon.
 48459 | Pan      | Noticed Lom Lobon
 48474 | Pan      | Killed Lom Lobon
 48621 | Pan      | Got a magical rune of Zot
 48866 | Pan      | Gained mutation: You are frail. (-10% HP) [a cacodemon]
 48870 | Pan      | Gained mutation: Your magical capacity is low. (-10% MP) [a
                  | cacodemon]
 49014 | Pan      | Noticed Barhoa the pandemonium lord
 49029 | Pan      | Killed Barhoa the pandemonium lord
 49126 | Pan      | Got a sparkling marble ring
 49130 | Pan      | Identified the ring "Soaty Bitat" {+Fly rC+ rN+ Str-4
                  | Int+3} (You found it in Pandemonium)
 49182 | Pan      | Entered the realm of Cerebov.
 49774 | Pan      | Noticed Cerebov
 49804 | Pan      | Got a clouded glass ring
 49808 | Pan      | Identified the ring "Bonil" {rC+++ MP+9 Dex+5 Stlth-} (You
                  | took it off a balrug in Pandemonium)
 49910 | Pan      | Got an ancient ruby amulet
 49913 | Pan      | Identified the amulet of Creativity {Faith rF++ rN+ Str-3}
                  | (You took it off a balrug in Pandemonium)
 50066 | Pan      | Killed from afar by Cerebov

Skill      XL: |  1  2  3  4  5  6  7  8  9 10 11 12 13 14 15 16 17 18 19 20 21 22 23 24 25 26 27 |
---------------+----------------------------------------------------------------------------------+-----
Fighting       | 4 5 6 7 9 10 12 13 14 15 16 17 18 19 20 21 22 23 24 25 | 25.9
Shields        | 4 5 6 7 8 9 11 12 14 16 17 19 20 21 22 23 24 25 26 27 | 27.0
Armour         | 4 5 6 7 8 10 11 12 13 14 15 16 17 | 17.2
Axes           | 3 4 5 7 9 11 13 14 15 16 17 18 19 20 21 22 23 24 25 26 | 26.4
Dodging        | 1 3 5 7 8 9 10 11 12 13 | 13.9
Stealth        | 1 2 3 |  3.3
Invocations    | 1 4 7 9 10 11 13 14 15 16 17 18 20 22 | 22.0
Throwing       | 1 2 4 |  4.5
Evocations     | 1 |  1.0

Action                   |  1- 3 |  4- 6 |  7- 9 | 10-12 | 13-15 | 16-18 | 19-21 | 22-24 | 25-27 || total
-------------------------+-------+-------+-------+-------+-------+-------+-------+-------+-------++-------
Melee: War axe           |    69 |   156 |       |       |       |       |       |       |       ||   225
       Headbutt          |     9 |    23 |    32 |    92 |   243 |   330 |   475 |   553 |   459 ||  2216
       Hand axe          |       |    27 |   196 |   453 |   958 |  1072 |  1289 |  1093 |   766 ||  5854
       Broad axe         |       |       |       |       |       |       |       |   164 |   479 ||   643
Throw: Javelin           |       |       |       |       |    12 |    22 |    29 |       |    10 ||    73
       Tomahawk          |       |       |       |       |       |       |     4 |       |       ||     4
Invok: Divine Shield     |       |       |       |     2 |     1 |       |       |       |       ||     3
       Brand Weapon With |       |       |       |     1 |       |       |       |       |       ||     1
       Cleansing Flame   |       |       |       |       |       |     3 |     9 |     7 |    43 ||    62
       Summon Divine War |       |       |       |       |       |     1 |       |       |     7 ||     8
Evoke: Wand              |       |       |     1 |       |     2 |     7 |     1 |       |       ||    11
  Use: Scroll            |       |     4 |     2 |    19 |     7 |     9 |    11 |     8 |    20 ||    80
       Potion            |       |       |     1 |     2 |    13 |     8 |       |     1 |    13 ||    38
  Eat: Chunk             |       |     8 |    11 |    16 |    25 |    10 |    27 |    26 |    15 ||   138
       Ration            |       |       |       |       |     1 |     5 |       |       |     5 ||    11
Armor: Scale mail        |    38 |    76 |       |       |       |       |       |       |       ||   114
       Plate armour      |       |     9 |    58 |    49 |       |       |       |       |       ||   116
       Animal skin       |       |       |       |    67 |    27 |       |       |       |       ||    94
       Chain mail        |       |       |       |       |   102 |   197 |   135 |   177 |   185 ||   796
       Ring mail         |       |       |       |       |    31 |   128 |       |       |       ||   159
Dodge: Dodged            |    24 |    55 |    48 |   115 |   288 |   314 |   298 |   412 |   454 ||  2008
Block: Shield            |    44 |   114 |    91 |   282 |   610 |       |       |   362 |       ||  1503
       Large shield      |       |       |       |       |   118 |  1177 |  1201 |   965 |  1480 ||  4941
       Reflection        |       |       |       |       |       |       |       |       |    21 ||    21
